 Dungeon Crawl Stone Soup version 0.22.1-6-g1668fe2 (webtiles) character file.

2937 Kairos the Cleaver (level 9, -10/46 HPs)
             Began as a Vine Stalker Fighter on Jan 16, 2019.
             Was a Follower of Okawaru.
             Mangled by a komodo dragon (14 damage)
             ... on level 11 of the Dungeon.
             The game lasted 00:14:47 (6845 turns).

Kairos the Cleaver (Vine Stalker Fighter)           Turns: 6845, Time: 00:14:48

Health: -10/46     AC: 10    Str: 22    XL:     9   Next: 80%
Magic:  0/19       EV:  9    Int:  8    God:    Okawaru [*.....]
Gold:   484        SH: 10    Dex: 14    Spells: 8/8 levels left

rFire    . . .     SeeInvis .   a - +2 war axe
rCold    . . .     Gourm    .   c - +0 shield
rNeg     . . .     Faith    .   b - +0 scale mail
rPois    .         Spirit   +   x - +1 hat
rElec    .         Reflect  .   (no cloak)
rCorr    .         Harm     .   (no gloves)
MR       +....                  e - +1 pair of boots
Stlth    ++........             (no amulet)
HPRegen  0.55/turn              j - ring of stealth
MPRegen  0.16/turn              i - ring of magical power

@: no status effects
A: fangs 3, regeneration 1, magic shield, antimagic bite, no potion heal 3, rot
immunity
a: Heroism, Renounce Religion


You were on level 11 of the Dungeon.
You worshipped Okawaru.
Okawaru was aware of your devotion.
You were very hungry.

You visited 1 branch of the dungeon, and saw 9 of its levels.
You also visited: Sewer.

You collected 484 gold pieces.

Inventory:

Hand Weapons
 a - a +2 war axe (weapon)
Missiles
 C - 7 silver tomahawks (quivered)
Armour
 b - a +0 scale mail (worn)
 c - a +0 shield (worn)
 e - a +1 pair of boots (worn)
 x - a +1 hat (worn)
Jewellery
 i - a ring of magical power (right hand)
 j - a ring of stealth (left hand)
 k - an uncursed ring of wizardry
 m - an uncursed ring of ice
Wands
 v - a wand of random effects (41)
 w - a wand of iceblast (7)
 y - a wand of enslavement (15)
Scrolls
 h - a scroll of random uselessness
 n - 2 scrolls of magic mapping
 o - 4 scrolls of teleportation
 p - a scroll of amnesia {unknown}
 q - 2 scrolls of fog
 r - a scroll of blinking
 t - 4 scrolls of identify
 B - a scroll of brand weapon {unknown}
 D - 4 scrolls of remove curse
 E - 2 scrolls of immolation {unknown}
 F - a scroll of enchant armour {unknown}
Potions
 d - 4 potions of might
 g - 11 potions of curing {unknown}
 l - 2 potions of magic {unknown}
 s - a potion of brilliance {unknown}
 u - a potion of ambrosia {unknown}
 z - 2 potions of agility {unknown}
 A - a potion of lignification {unknown}
Comestibles
 f - 13 rations


   Skills:
 + Level 4.9 Fighting
 + Level 8.8 Axes
 + Level 5.0 Armour
 + Level 2.2 Dodging
 + Level 1.6 Stealth
 + Level 5.4 Shields


You had 8 spell levels left.
You didn't know any spells.
Your spell library contained the following spells:

 Spells                   Type           Power        Failure   Level  Hunger
 Corona                   Hex            #......      98%         1    ##.....
 Shock                    Conj/Air       #...         98%         1    ##.....
 Slow                     Hex            #.......     99%         2    ###....
 Swiftness                Chrm/Air       #.......     99%         2    ###....
 Inner Flame              Hex/Fire       #.......     100%        3    ####...
 Portal Projectile        Hex/Tloc       #.....       100%        3    ####...
 Static Discharge         Conj/Air       #.......     100%        3    ####...
 Airstrike                Air            #.........   100%        4    #####..
 Cause Fear               Hex            #.........   100%        4    #####..
 Leda's Liquefaction      Hex/Erth       #.........   100%        4    #####..
 Lightning Bolt           Conj/Air       #.........   100%        5    ######.


Dungeon Overview and Level Annotations

Branches:
Dungeon (8/15)             Temple (0/1) D:7            Lair (0/6) D:8

Altars:
Cheibriados
Dithmenos
Fedhas
Gozag
Hepliaklqana
Okawaru
Ru
Wu Jian
Zin
The Shining One

Shops:
D:4 ?   D:5 *


Innate Abilities, Weirdness & Mutations

You have razor-sharp teeth.
Your natural rate of healing is unusually fast.
When hurt, damage is shared between your health and your magic reserves.
Your bite disrupts and absorbs the magic of your enemies.
Potions cannot restore your health.
You are immune to rotting.


Message History

You are too injured to fight recklessly!
You are too injured to fight recklessly!
You are too injured to fight recklessly!
You hit the komodo dragon.
You bite the komodo dragon, but do no damage.
The komodo dragon is moderately wounded.
The komodo dragon barely misses you.
You completely miss the komodo dragon. Your bite misses the komodo dragon.
The komodo dragon is moderately wounded.
The komodo dragon bites you!
* * * LOW HITPOINT WARNING * * *
You slash the komodo dragon!
You bite the komodo dragon, but do no damage.
The komodo dragon is severely wounded.
You block the komodo dragon's attack.
You hit the komodo dragon but do no damage.
You bite the komodo dragon! You drain its power.
You feel invigorated.
The komodo dragon is almost dead.
The komodo dragon bites you!
You die...

#... #... #... #...
..# #... #.# #...
#.# #..l#######.#
#...@.......########
#...................
#..................#
#..................#
#[.................#
#..................#
#...................
####################


You could see a komodo dragon.

Vanquished Creatures
  A two-headed ogre (D:7)
  Joseph (D:7)
  An ice beast (D:5)
  An orc warrior (D:6)
  2 ogres
  A phantom (D:6)
  A centaur (D:5)
  Blork the orc (D:4)
  A big kobold (Sewer)
  A scorpion (D:3)
  3 crimson imps
  A jelly (D:8)
  3 orc priests
  2 centaur skeletons (D:6)
  6 orc wizards
  A bullfrog skeleton (D:7)
  An iguana (D:5)
  4 worker ants
  A hound skeleton (D:7)
  5 gnolls
  14 adders
  6 river rats
  An adder skeleton (D:5)
  A worm (D:4)
  2 dart slugs
  A leopard gecko (D:11)
  18 orcs
  13 ball pythons
  4 giant cockroaches
  9 goblins
  9 hobgoblins
  9 jackals
  24 kobolds
  A quokka (D:6)
  9 bats
  5 frilled lizards
  A quokka skeleton (D:6)
  29 rats
194 creatures vanquished.

Notes
Turn   | Place    | Note
-------+----------+-------------------------------------------
     0 | D:1      | Kairos the Vine Stalker Fighter began the quest for the
                  | Orb.
     0 | D:1      | Reached XP level 1. HP: 11/11 MP: 2/2
    45 | D:1      | Reached XP level 2. HP: 13/16 MP: 3/3
   362 | D:1      | Reached skill level 2 in Axes
   664 | D:2      | Reached XP level 3. HP: 17/19 MP: 4/4
   694 | D:2      | Found a sacrificial altar of Ru.
   717 | D:2      | Gained mutation: Your natural rate of healing is unusually
                  | fast. [Vine Stalker growth]
   717 | D:2      | Reached XP level 4. HP: 24/24 MP: 5/5
   772 | D:2      | Found a snail-covered altar of Cheibriados.
   812 | D:2      | Reached skill level 3 in Axes
  1132 | D:2      | Found an opulent altar of Gozag.
  1281 | D:2      | Reached XP level 5. HP: 27/28 MP: 6/6
  1394 | D:2      | Noticed an ogre
  1405 | D:2      | Killed an ogre
  1766 | D:3      | Found a shadowy altar of Dithmenos.
  1799 | D:3      | Reached XP level 6. HP: 32/32 MP: 7/7
  2059 | D:3      | Found a blossoming altar of Fedhas.
  2187 | D:4      | Found Raggaibb's Magic Scroll Emporium.
  2189 | D:4      | Noticed Blork the orc
  2197 | D:4      | Killed Blork the orc
  2197 | D:4      | Reached skill level 4 in Axes
  2197 | D:4      | Reached skill level 1 in Dodging
  2295 | D:4      | Reached XP level 7. HP: 36/36 MP: 8/8
  2610 | D:4      | Found a glowing golden altar of the Shining One.
  2769 | D:5      | Entered Level 5 of the Dungeon
  2902 | D:5      | Reached skill level 5 in Axes
  2937 | D:5      | Found a glowing drain.
  3000 | Sewer    | Entered a sewer
  3207 | Sewer    | Reached skill level 6 in Axes
  3226 | Sewer    | Gained mutation: You have razor-sharp teeth. [Vine Stalker
                  | growth]
  3226 | Sewer    | Reached XP level 8. HP: 39/42 MP: 6/9
  3896 | D:5      | Found a hazy altar of Hepliaklqana.
  3983 | D:5      | Found Zin's Purification Station.
  3989 | D:5      | Found a glowing silver altar of Zin.
  4805 | D:6      | Reached skill level 7 in Axes
  5507 | D:6      | Reached skill level 1 in Stealth
  5507 | D:6      | Reached XP level 9. HP: 42/46 MP: 10/10
  5683 | D:6      | Found an iron altar of Okawaru.
  5696 | D:6      | Became a worshipper of Warmaster Okawaru
  5955 | D:7      | Found an ornate altar of the Wu Jian Council.
  6009 | D:7      | Noticed a two-headed ogre
  6017 | D:7      | HP: 2/46 [two-headed ogre/giant club (4)]
  6018 | D:7      | Killed a two-headed ogre
  6018 | D:7      | Reached skill level 8 in Axes
  6018 | D:7      | Reached skill level 5 in Shields
  6218 | D:7      | Noticed Joseph
  6230 | D:7      | Killed Joseph
  6230 | D:7      | Reached * piety under Okawaru
  6251 | D:7      | Reached skill level 5 in Armour
  6357 | D:7      | Found a staircase to the Ecumenical Temple.
  6699 | D:8      | Found a staircase to the Lair.
  6825 | D:8      | You fall through a shaft for 3 floors!
  6836 | D:11     | Noticed a komodo dragon
  6845 | D:11     | Mangled by a komodo dragon

Skill      XL: |  1  2  3  4  5  6  7  8  9 |
---------------+----------------------------+-----
Shields        | 3 4 5 |  5.4
Axes           | 2 3 4 6 7 8 |  8.8
Fighting       | 3 4 |  4.9
Armour         | 3 4 5 |  5.0
Dodging        | 1 2 |  2.2
Stealth        | 1 |  1.6

Action                   |  1- 3 |  4- 6 |  7- 9 || total
-------------------------+-------+-------+-------++-------
Melee: War axe           |    63 |   137 |   312 ||   512
       Bite              |    10 |    35 |    98 ||   143
  Use: Scroll            |       |     5 |     7 ||    12
       Potion            |       |       |     3 ||     3
 Stab: Paralysed         |     1 |       |       ||     1
       Sleeping          |       |       |     1 ||     1
  Eat: Chunk             |       |     4 |    11 ||    15
       Ration            |       |       |     1 ||     1
Armor: Scale mail        |    25 |    73 |   114 ||   212
Dodge: Dodged            |    21 |    56 |    85 ||   162
Block: Shield            |    36 |    82 |   166 ||   284
